 Dungeon Crawl Stone Soup version 0.24-a0-582-g4d4af813a0 (webtiles) character file.

Game seed: 6151556990375529297

0 Esekla the Skirmisher (level 1, -12/16 HPs)
             Began as an Octopode Abyssal Knight on Aug 27, 2019.
             Was a Follower of Lugonu.
             Mangled by a tentacled starspawn (28 damage)
             ... on level 2 of the Abyss.
             The game lasted 00:01:57 (194 turns).

Esekla the Skirmisher (Octopode Abyssal Knight)      Turns: 194, Time: 00:01:58

Health: -12/16     AC:  1    Str: 11    XL:     1   Next: 0%
Magic:  2/2        EV: 13    Int: 14    God:    Lugonu [*.....]
Gold:   33         SH:  0    Dex: 11    Spells: 0/0 levels left

rFire    . . .     SeeInvis .   a - +1 falchion
rCold    . . .     Gourm    .   (no shield)
rNeg     . . .     Faith    .   (helmet restricted)
rPois    .         Spirit   .   (no amulet)
rElec    .         Reflect  .   (no ring)
rCorr    .         Harm     .   (no ring)
MR       .....                  (no ring)
Stlth    ++........             (no ring)
HPRegen  0.05/turn              (no ring)
MPRegen  0.08/turn              (no ring)
                                (no ring)
                                (no ring)

@: no status effects
A: almost no armour, stealthy swim, amphibious, 8 rings, constrict 8, camouflage
1, gelatinous body 1
a: Depart the Abyss, Renounce Religion


You were on level 2 of the Abyss.
You worshipped Lugonu.
Lugonu was aware of your devotion.
You were not hungry.

You visited 0 branches of the dungeon, and saw 0 of its levels.
You visited the Abyss 1 time.

You collected 33 gold pieces.

Inventory:

Hand Weapons
 a - a +1 falchion (weapon)
Comestibles
 b - 3 rations


   Skills:
 + Level 3.0 Fighting
 + Level 2.0 Long Blades
 + Level 2.3 Dodging
 + Level 2.0 Invocations


You couldn't memorise any spells.
You didn't know any spells.
Your spell library was empty.

Dungeon Overview and Level Annotations

Branches:
Dungeon (0/15)

Altars:


Innate Abilities, Weirdness & Mutations

You cannot wear most types of armour.
You are very stealthy in the water. (Stealth+)
You are amphibious.
You can wear up to eight rings at the same time.
You can use your tentacles to constrict eight enemies at once.
Your skin changes colour to match your surroundings (Stealth+).
Your rubbery body absorbs attacks. (AC +1, EV +1)


Message History

Found a hunting sling.
Found a chain mail.
You see here a chain mail.
Found 24 sling bullets.
An ancient zyme comes into view.
You feel yourself growing ill in the presence of the ancient zyme.
Found a scroll labeled ITAEXE XUYWYUZAUR.
A thrashing horror comes into view.
A tentacled starspawn comes into view.
Found 16 gold pieces.
You see here 16 gold pieces.
You now have 33 gold pieces (gained 16).
A tentacle flies out from the starspawn's body!
A starspawn tentacle comes into view.
An ettin zombie comes into view.
A thrashing horror comes into view.
A thrashing horror comes into view.
The tentacled starspawn bites you!!
Ouch! That really hurt!
You die...

..... ..... ... ... #...
#.....# .. ... #.. ...#
..###... ##.# ##.##
##..#. .
##...###...###..... ..
..#.....#.....#......
... ........Z..........
.. ..
.#.....#.....#....#.....
##...###.X@###..###...
##.# ##.## ##..#..... #.
#...###. .... . ..
#.....#.... ..... ..##
..###.X.###....... #.#
.#. #.### .#. .. ## #. .
###.## ##...# # #
###≈≈#. #..... .≈≈≈#...
. ..


You could see a tentacled starspawn and an ettin zombie.

Vanquished Creatures (others)
  A small abomination (Abyss:2)
  2 starspawn tentacles (Abyss:2)
3 creatures vanquished.

Notes
Turn   | Place    | Note
-------+----------+-------------------------------------------
     0 | Abyss:1  | Esekla the Octopode Abyssal Knight began the quest for the
                  | Orb.
     0 | Abyss:1  | Reached XP level 1. HP: 16/16 MP: 2/2
   145 | Abyss:2  | Killed a small abomination
   158 | Abyss:2  | Noticed an ancient zyme
   171 | Abyss:2  | Noticed a thrashing horror
   176 | Abyss:2  | Noticed a tentacled starspawn
   188 | Abyss:2  | Noticed an ettin zombie
   191 | Abyss:2  | Noticed a thrashing horror
   192 | Abyss:2  | Noticed a thrashing horror
   194 | Abyss:2  | Mangled by a tentacled starspawn

Levels and vault maps discovered:
Abyss:2:  serial_sigils_hangedman_quiver, evilmike_abyss_exit_kraken,
          hangedman_decor_lopped

Table legend:
 A = Non-vault XP
 B = Vault XP
 C = Vault XP percentage of total XP
 D = Non-vault monster count
 E = Vault monster count
 F = Vault count percentage of total count
                 A         B        C        D         E       F
            +---------+---------+-------+---------+---------+-------
      Total |       0 |       0 |   N/A |       0 |       0 |  -nan
            +---------+---------+-------+---------+---------+-------
            +---------+---------+-------+---------+---------+-------
